cohdb
Replays
Latest Replays
All Replays
Popular Replays
Top Player Replays
Match Explorer
How It Works
Community
CoH3 Stats
Reddit
Sign in to upload your games and track your stats! →
Sign in with Steam
Match 45123710
Unlisted
Match 45123710
Overview
Messages
Build Orders
End
Kradschützen Motorcycle Team
Panzergrenadier Squad
Panzergrenadier Squad
250 Light Carrier
Selects Panzerjäger Kommand Battlegroup
Selects Mine Fields
Construct Light Support Kompanie
MG34 Team
Panzerpioneer Squad
Fire Support Elements
Flakvierling Half-track
2.5-tonne Medical Truck
Construct Mechanized Kompanie
Veteran Squad Leaders
8 Rad Armored Car
Pak 38 Mechanized Group
Combat Half-tracks
Selects Defensive Positions
Selects Tank Busters
Selects Crew Shock Tactics
Construct Panzerarmee Kommand
Panzer III L Medium Tank
Selects Butterfly Bomb Drop
Vehicle Survival Package
Walking Stuka Rocket Launcher
Assault Mechanized Group
Lilfuture
♠♣ Kvothe ♠♣
0
0
Comments
sign in to comment!
No comments posted yet!